 Dungeon Crawl Stone Soup version 0.28-a0-472-g50180c0d78 (webtiles) character file.

Game seed: 7482271383890376285

711 Jawa73 the Magician (level 8, -11/56 HPs)
             Began as a Djinni Cinder Acolyte on Sept 15, 2021.
             Was an Elder of Ignis.
             Mangled by Duvessa (17 damage)
             ... on level 4 of the Dungeon.
             The game lasted 00:15:55 (4206 turns).

Jawa73 the Magician (Djinni Cinder Acolyte)         Turns: 4206, Time: 00:15:56

Health: -11/56     AC:  3    Str: 19    XL:     8   Next: 0%
Gold:   179        EV: 12    Int: 19    God:    Ignis [****..] SH:  0 Dex:  8

rFire   + + +      SeeInvis .     - Unarmed
rCold   x . .      Faith    .   (no shield)
rNeg    . . .      Spirit   .   j - +0 robe {Will+}
rPois   ∞          Reflect  .   (no helmet)
rElec   .          Harm     .   d - +0 cloak
rCorr   .          Rampage  .   (no gloves)
Will    +....                   (boots unavailable)
Stlth   +.........              (no amulet)
HPRegen 0.18/turn               i - +6 ring of strength
MPRegen 0.00/turn               (no ring)

@: flying
A: sickness immunity, fire resistance 2, cold vulnerability 1, float, innate
caster, hp casting, extra vitality 1
a: Renounce Religion, Sea of Fire, Foxfire Swarm, Rising Flame


You were on level 4 of the Dungeon.
You worshipped Ignis.
Ignis was greatly pleased with you.
You visited 1 branch of the dungeon, and saw 6 of its levels.

You collected 179 gold pieces.

Inventory:

Armour
 d - a +0 cloak (worn)
 j - a +0 robe of willpower (worn)
Jewellery
 i - a +6 ring of strength (left hand)
Wands
 g - a wand of iceblast (4)
 h - a wand of polymorph (2)
Scrolls
 c - a scroll of silence
 e - a scroll of fog
Potions
 a - a potion of brilliance {unknown}
 b - a potion of lignification {unknown}
 f - a potion of cancellation
 k - a potion of mutation {unknown}


   Skills:
 + Level 3.4 Fighting
 * Level 2.8 Dodging
 + Level 3.5 Unarmed Combat
 * Level 6.0 Spellcasting


You had 11 spell levels left.
You knew the following spells:

 Your Spells              Type           Power      Damage    Failure   Level
a - Scorch                Fire           56%        2d7       1%          2
b - Beastly Appendage     Tmut           56%        N/A       1%          1
c - Wereblood             Tmut           28%        N/A       1%          2
d - Stone Arrow           Conj/Erth      56%        3d10      2%          3
Your spell library was empty.

Dungeon Overview and Level Annotations

Branches:
Dungeon (6/15)
 Temple: D:4-7

Altars:
Ashenzari
Trog
Wu Jian
Zin

Shops:
D:3 [

Annotations:
D:4 Duvessa


Innate Abilities, Weirdness & Mutations

You are immune to sickness and miasma.
You are immune to poison.
Your flesh is very heat resistant. (rF++)
You are vulnerable to cold. (rC-)
You float through the air rather than walking.
You learn spells naturally, not from books.
Your magical power is your life essence.
You have superior vitality. (+4 HP)


Message History

Confirm with . or Enter, or press ? or * to list all spells.
Aiming: Stone Arrow (dangerous; 3% risk of failure)
Press: ? - help, Shift-Dir - straight line, f - Duvessa
Aim: Duvessa, wielding a +0 rapier and wearing a +0 leather armour (fast, 75% to hit)
The stone arrow misses Duvessa.
The stone arrow hits Dowan!
You kill Dowan!
Duvessa screams, "No!
How DARE you!"
Duvessa goes berserk!
Duvessa hits you with a +0 rapier.
Your Spellcasting skill increases to level 6!
You have reached level 8!
You feel clever.
Casting: Stone Arrow (dangerous; 2% risk of failure)
Confirm with . or Enter, or press ? or * to list all spells.
Okay, then.
Casting: Stone Arrow (dangerous; 2% risk of failure)
Confirm with . or Enter, or press ? or * to list all spells.
Flames lash the ball python.
You kill the ball python!
Duvessa hits you with a +0 rapier. Duvessa hits you with a +0 rapier!
Casting: Scorch (safe; 1% risk of failure)
Confirm with . or Enter, or press ? or * to list all spells.
Flames lash Duvessa.
Duvessa is lightly wounded.
Duvessa's fire resistance burns away.
Duvessa barely misses you.
Casting: Scorch (safe; 1% risk of failure)
Confirm with . or Enter, or press ? or * to list all spells.
Flames lash Duvessa.
Duvessa is lightly wounded.
Duvessa barely misses you. Duvessa closely misses you.
Casting: Scorch (safe; 1% risk of failure)
Confirm with . or Enter, or press ? or * to list all spells.
Flames lash Duvessa.
Duvessa is burned terribly!
Duvessa is moderately wounded.
Duvessa hits you with a +0 rapier!
* * * LOW HITPOINT WARNING * * *
Duvessa rages.
Duvessa completely misses you.
It was a potion of cancellation.
You feel magically purged. Duvessa hits you with a +0 rapier!
You die...

..# #.# #.#...#.##
########.####.#...#.####.
..)...........##.........
#.######.#######..#..###
#.### #......##..#..###.##
#.#.####.####.##...........
.........# #.##.....##..##
#.#.###..# #..............
#[#.# #..# #..#@##.†##.###
..#.###..# #).#.e..)......
#.#......## #. #.##..##.###
#.........# #. #.##..# #
###.......# # #.......
#........... .........
#.###........#####>#### #.#
#.#.....# ## #.# #.##.####


You could see Duvessa (berserk, fast, combustible).

Vanquished Creatures
  Sigmund (D:2)
  A sky beast (D:6)
  A phantom (D:5)
  Dowan (D:4)
  A jelly (D:5)
  A hound (D:4)
  Crazy Yiuf (D:2)
  An iguana (D:6)
  Ijyb (D:3)
  Terence (D:2)
  8 adders
  2 gnolls (D:1)
  2 worms (D:3)
  A dart slug (D:1)
  10 orcs
  7 bats
  4 endoplasms
  2 giant cockroaches
  5 goblins
  4 hobgoblins
  4 kobolds
  5 quokkas
  8 ball pythons
  2 frilled lizards (D:1)
  3 rats
  A spectral goblin (D:1)
78 creatures vanquished.

Vanquished Creatures (others)
  71 foxfires
71 creatures vanquished.

Grand Total: 149 creatures vanquished

Notes
Turn   | Place    | Note
-------+----------+-------------------------------------------
     0 | D:1      | Jawa73 the Djinni Cinder Acolyte began the quest for the
                  | Orb.
     0 | D:1      | Reached XP level 1. HP: 20/20 MP: 0/0
    33 | D:1      | Reached XP level 2. HP: 21/25 MP: 0/0
   128 | D:1      | Found a faded altar of an unknown god.
   369 | D:1      | Reached XP level 3. HP: 27/30 MP: 0/0
   369 | D:1      | Learned a level 1 spell: Beastly Appendage
   727 | D:1      | Reached skill level 3 in Spellcasting
   974 | D:1      | Reached skill level 1 in Dodging
  1342 | D:2      | Noticed Terence
  1347 | D:2      | Killed Terence
  1348 | D:2      | Reached XP level 4. HP: 18/35 MP: 0/0
  1504 | D:2      | Noticed Sigmund
  1697 | D:2      | Killed Sigmund
  1698 | D:2      | Reached skill level 4 in Spellcasting
  1698 | D:2      | Reached XP level 5. HP: 32/40 MP: 0/0
  1698 | D:2      | Learned a level 2 spell: Wereblood
  1698 | D:2      | Reached XP level 6. HP: 37/46 MP: 0/0
  2244 | D:2      | Found a runed translucent door.
  2245 | D:2      | Noticed Crazy Yiuf
  2271 | D:2      | Killed Crazy Yiuf
  2578 | D:3      | Found an ornate altar of the Wu Jian Council.
  2630 | D:3      | Found a glowing silver altar of Zin.
  2718 | D:3      | Found Etweaklo's Antique Armour Emporium.
  2979 | D:3      | Found a bloodstained altar of Trog.
  3022 | D:3      | Noticed Ijyb
  3031 | D:3      | Killed Ijyb
  3588 | D:4      | Reached skill level 5 in Spellcasting
  3588 | D:4      | Reached XP level 7. HP: 46/50 MP: 0/0
  3588 | D:4      | Learned a level 3 spell: Stone Arrow
  3624 | D:4      | You are sucked into a shaft and drop 2 floors!
  3760 | D:5      | Entered Level 5 of the Dungeon
  3760 | D:5      | Found a broken altar of Ashenzari.
  4191 | D:4      | Noticed Dowan
  4194 | D:4      | Noticed Duvessa
  4200 | D:4      | Killed Dowan
  4201 | D:4      | Reached skill level 6 in Spellcasting
  4201 | D:4      | Reached XP level 8. HP: 41/56 MP: 0/0
  4206 | D:4      | Mangled by Duvessa

Illustrated notes

Levels and vault maps discovered:
D:1:      amcnicky_arrival_choice, layout_basic,
          dreamdust_ecumenical_altar_drowned_temple, corexii_corridor_pit,
          hangedman_decor_lopped, hangedman_glass_teeth, minmay_crystal_water
D:2:      layout_rooms, st_stairs_14, minmay_misc_feat_alley,
          kennysheep_big_empty_room, nrook_uturn, uniq_sigmund,
          uniq_crazy_yiuf_cottage, uniq_terence
D:3:      cheibrodos_helix_gallery, layout_basic, lemuel_coloured_pillars_altar,
          old_standard_altar, mainiacjoe_overflow_small_starburst, serial_shops,
          nicolae_square_shop, uniq_ijyb
D:4:      layout_basic, nicolae_underground_beach, uniq_duvessa
D:5:      layout_loops_ring, nicolae_elyvilon_peaceful_grove,
          mainiacjoe_overflow_divided_tiny, nicolae_overflow_hidden_temple,
          lemuel_round_altar, mainiacjoe_overflow_catwalk,
          minmay_temple_entry_butterflies, hangedman_decor_growths,
          uniq_menkaure
D:6:      minmay_spotlight, layout_rooms

Skill      XL: |  1  2  3  4  5  6  7 |
---------------+----------------------+-----
Spellcasting   | 3 4 5 6 |  6.0
Dodging        | 1 2 |  2.8
Fighting       | |  3.4
Unarmed Combat | |  3.5

Action                   |  1- 3 |  4- 6 |  7- 9 || total
-------------------------+-------+-------+-------++-------
Melee: Unarmed           |     7 |    18 |    15 ||    40
       Headbutt          |     2 |     3 |       ||     5
       Punch             |       |       |     1 ||     1
 Cast: Scorch            |    24 |    41 |    29 ||    94
       Beastly Appendage |     4 |     5 |     3 ||    12
       Stone Arrow       |       |       |     1 ||     1
Invok: Foxfire Swarm     |     3 |       |     1 ||     4
  Use: Scroll            |     4 |     2 |       ||     6
       Potion            |       |       |     1 ||     1
Armor: Robe              |     1 |     2 |     7 ||    10
Dodge: Dodged            |     6 |    17 |    14 ||    37

Table legend: (Time is in decaauts)
 A = Elapsed time spent in this place.
 B = Non-inter-level travel time spent in this place.
 C = Inter-level travel time spent in this place.
 D = Time resting spent in this place.
 E = Time spent auto-exploring this place.
 F = Levels seen in this place.
 G = Mean time per level.
                   A        B        C        D        E       F      G
               +--------+--------+--------+--------+--------+-----+--------+
         Total |   4203 |   4071 |    132 |    410 |   2959 |   6 |  700.5 |
       Dungeon |   4203 |   4071 |    132 |    410 |   2959 |   6 |  700.5 |
               +--------+--------+--------+--------+--------+-----+--------+

Top non-repeatable levels by time:
     D:1: 1505 daAuts
     D:2: 1057 daAuts
     D:3: 994 daAuts
     D:4: 329 daAuts
     D:5: 181 daAuts
     D:6: 135 daAuts
